AAA WEST
RENO ACES @ TACOMA RAINIERS
04/08/2042
 
TOP OF THE 1ST
Reno Aces batting - Pitching for Tacoma Rainiers : LHP Dan Marshal
Pitching: LHP Dan Marshal
Batting: RHB Naoya Okabe 0-0: Ball
1-0: Fly out, F7 (Flyball, 7, EV 98.1 MPH)
Batting: RHB Cal Richards 0-0: Ball
1-0: Called Strike
1-1: Ball
2-1: SINGLE (Line Drive, 9S, EV 110.6 MPH)
Batting: RHB Nate Smith 0-0: Ball
Passed Ball!
Cal Richards to second
1-0: Called Strike
1-1: Ball
2-1: Ball
3-1: Base on Balls
Batting: RHB Mike Brock 0-0: Ball
1-0: Fly out, F8 (Flyball, 8RXD, EV 106.9 MPH)
Runner from 2nd tags up, SAFE at 3rd, no throw by CF
Batting: SHB Álex Pérez 0-0: Ball
1-0: Ball
2-0: Ball
3-0: Called Strike
3-1: Base on Balls
Nate Smith to second
Batting: RHB Juan Maldonado 0-0: DOUBLE (Flyball, 8RXD, EV 95.6 MPH)
Cal Richards scores
Nate Smith scores
Álex Pérez to third
Batting: SHB Joe Gibson 0-0: Ball
1-0: Ball
2-0: Foul Ball, location: 2F
2-1: Foul Ball, location: 7LMF
2-2: Ball
Wild Pitch!
Álex Pérez scores
Juan Maldonado to third
3-2: SINGLE (Line Drive, 7LS, EV 88.8 MPH)
Juan Maldonado scores
Pitching: LHP Artie Gómez
Batting: RHB Greg Jamison 0-0: Ball
1-0: Called Strike
1-1: Ball
2-1: Ball
3-1: Foul Ball, location: 5FF
3-2: Foul Ball, location: 25F
3-2: Ground out 4-3 (Groundball, 4, EV 105.6 MPH)
Top of the 1st over - 4 runs, 3 hits, 0 errors, 1 left on base; Reno 4 - Tacoma 0
BOTTOM OF THE 1ST
Tacoma Rainiers batting - Pitching for Reno Aces : LHP Mario Hernández
Pitching: LHP Mario Hernández
Batting: LHB Robbie Lucas 0-0: Called Strike
0-1: Foul Ball, location: 5FF
0-2: Hit by Pitch
Batting: RHB Doug Hawk 0-0: Called Strike
Robbie Lucas steals 2nd base
0-1: Ball
1-1: Foul Ball, location: 9LSF
1-2: Ball
2-2: Foul Ball, location: 5F
2-2: Foul Ball, location: 3FF
2-2: Ball
3-2: SINGLE (Flyball, 6MD, EV 95.0 MPH)
Robbie Lucas to third
Batting: RHB Rusty Smith 0-0: Called Strike
0-1: Ball
1-1: Ball
2-1: Grounds into double play, 6-4-3 (Groundball, 6, EV 88.1 MPH)
Robbie Lucas scores
Batting: RHB Dan Sibbald 0-0: Ball
1-0: Called Strike
1-1: Foul Ball, location: 23FF
1-2: Strikes out swinging
Bottom of the 1st over - 1 run, 1 hit, 0 errors, 0 left on base; Reno 4 - Tacoma 1
TOP OF THE 2ND
Reno Aces batting - Pitching for Tacoma Rainiers : LHP Artie Gómez
Batting: LHB Cristo Ayala 0-0: Ball
1-0: Foul Ball, location: 2F
1-1: Foul Ball, location: 3FF
1-2: DOUBLE (Line Drive, 89D, EV 109.4 MPH)
Batting: RHB Naoya Okabe 0-0: Ball
1-0: Called Strike
1-1: Ball
2-1: Ball
3-1: Base on Balls
Batting: RHB Cal Richards 0-0: Ball
1-0: Ball
2-0: Swinging Strike
2-1: Foul Ball, location: 3DF
2-2: Ball
3-2: Base on Balls
Cristo Ayala to third
Naoya Okabe to second
Batting: RHB Nate Smith 0-0: Ball
1-0: Foul Ball, location: 3FF
1-1: Foul Ball, location: 3SF
1-2: Foul Ball, location: 9LSF
1-2: Foul Ball, location: 9LMFF
1-2: Ball
2-2: Foul Ball, location: 9LMF
2-2: Fly out, F7 (Flyball, 7LDF, EV 110.6 MPH)
Runner from 3rd tags up, SCORES, no throw by LF
Batting: RHB Mike Brock 0-0: Foul Ball, location: 25FF
0-1: Ball
1-1: Ball
2-1: Foul Ball, location: 7LMF
2-2: Grounds into double play, 6-4-3 (Groundball, 56, EV 86.9 MPH)
Top of the 2nd over - 1 run, 1 hit, 0 errors, 1 left on base; Reno 5 - Tacoma 1
BOTTOM OF THE 2ND
Tacoma Rainiers batting - Pitching for Reno Aces : LHP Mario Hernández
Batting: RHB Cristián Rodríguez 0-0: Called Strike
0-1: Called Strike
0-2: Foul Ball, location: 2LF
0-2: Strikes out swinging
Batting: RHB Josh Hannemann 0-0: Ball
1-0: Ball
2-0: Ball
3-0: Called Strike
3-1: Base on Balls
Batting: RHB Greg Martin 0-0: Ball
1-0: Ball
2-0: Ball
3-0: Called Strike
3-1: SINGLE (Groundball, 4MD, EV 105.0 MPH)
Josh Hannemann to second
Batting: LHB Sang-kuk Park 0-0: Ball
1-0: Fly out, F6 (Popup, 6S, EV 75.0 MPH)
Batting: RHB Jim Unknown 0-0: Ball
1-0: Called Strike
1-1: Fielders Choice at 3rd, U5 (Groundball, 5, EV 105.0 MPH)
Bottom of the 2nd over - 0 runs, 1 hit, 0 errors, 1 left on base; Reno 5 - Tacoma 1
TOP OF THE 3RD
Reno Aces batting - Pitching for Tacoma Rainiers : LHP Artie Gómez
Batting: SHB Álex Pérez 0-0: Ball
1-0: Ball
2-0: Ball
3-0: Called Strike
3-1: Base on Balls
Pitching: RHP Cristo Guevara
Batting: RHB Juan Maldonado 0-0: Called Strike
0-1: Called Strike
0-2: Ball
1-2: Ball
2-2: Strikes out swinging
Batting: SHB Joe Gibson 0-0: Ball
1-0: Called Strike
1-1: Ball
2-1: Ball
3-1: Called Strike
3-2: DOUBLE (Line Drive, 89D, EV 106.3 MPH)
Álex Pérez to third
Runner from 3rd tries for Home, SAFE, no throw by CF
Batting: RHB Greg Jamison 0-0: Ball
1-0: Ball
2-0: Ground out 6-3 (Groundball, 6, EV 85.6 MPH)
Batting: LHB Cristo Ayala 0-0: Ball
1-0: Fly out, F8 (Flyball, 8LM, EV 87.5 MPH)
Top of the 3rd over - 1 run, 1 hit, 0 errors, 1 left on base; Reno 6 - Tacoma 1
BOTTOM OF THE 3RD
Tacoma Rainiers batting - Pitching for Reno Aces : LHP Mario Hernández
Batting: LHB Robbie Lucas 0-0: Fly out, F8 (Line Drive, 8RM, EV 90.6 MPH)
Batting: RHB Doug Hawk 0-0: Called Strike
0-1: SINGLE (Line Drive, 8LS, EV 90.0 MPH)
Batting: RHB Rusty Smith 0-0: Called Strike
Doug Hawk is caught stealing 2nd base 2-4
0-1: Ball
1-1: Foul Ball, location: 5FF
1-2: Ball
2-2: SOLO HOME RUN (Flyball, 89XD, EV 101.9 MPH), Distance : 407 ft
Batting: RHB Dan Sibbald 0-0: Called Strike
0-1: Ball
1-1: Swinging Strike
1-2: Ball
2-2: Strikes out swinging
Bottom of the 3rd over - 1 run, 2 hits, 0 errors, 0 left on base; Reno 6 - Tacoma 2
TOP OF THE 4TH
Reno Aces batting - Pitching for Tacoma Rainiers : RHP Cristo Guevara
Batting: RHB Naoya Okabe 0-0: Called Strike
0-1: Foul Ball, location: 2RF
0-2: Ball
1-2: SINGLE (Groundball, 4M, EV 101.3 MPH) (infield hit)
Batting: RHB Cal Richards 0-0: Ball
1-0: Ball
Naoya Okabe steals 2nd base
2-0: Swinging Strike
2-1: Ball
3-1: Called Strike
3-2: Ground out 6-3 (Groundball, 56, EV 99.4 MPH)
Batting: RHB Nate Smith 0-0: Ball
1-0: Ball
2-0: Ball
3-0: Called Strike
3-1: Fly out, F8 (Flyball, 8LXD, EV 93.8 MPH)
Runner from 2nd tags up, SAFE at 3rd, no throw by CF
Batting: RHB Mike Brock 0-0: Swinging Strike
0-1: Ball
1-1: Ball
2-1: Ball
3-1: Base on Balls
Batting: SHB Álex Pérez 0-0: Ball
1-0: Called Strike
1-1: Ball
2-1: Fly out, F9 (Flyball, 9, EV 91.3 MPH)
Top of the 4th over - 0 runs, 1 hit, 0 errors, 2 left on base; Reno 6 - Tacoma 2
BOTTOM OF THE 4TH
Tacoma Rainiers batting - Pitching for Reno Aces : LHP Mario Hernández
Batting: RHB Cristián Rodríguez 0-0: Called Strike
0-1: Foul Ball, location: 2F
0-2: Ground out 4-3 (Groundball, 4, EV 88.1 MPH)
Batting: RHB Josh Hannemann 0-0: Ground out 5-3 (Groundball, 56, EV 85.0 MPH)
Batting: RHB Greg Martin 0-0: Called Strike
0-1: Called Strike
0-2: SOLO HOME RUN (Flyball, 78XD, EV 106.9 MPH), Distance : 411 ft
Batting: LHB Sang-kuk Park 0-0: Ball
1-0: Foul Ball, location: 25F
1-1: Ball
2-1: Swinging Strike
2-2: Fly out, F9 (Flyball, 89M, EV 89.4 MPH)
Bottom of the 4th over - 1 run, 1 hit, 0 errors, 0 left on base; Reno 6 - Tacoma 3
TOP OF THE 5TH
Reno Aces batting - Pitching for Tacoma Rainiers : RHP Cristo Guevara
Batting: RHB Juan Maldonado 0-0: Ball
1-0: Ball
2-0: Swinging Strike
2-1: Swinging Strike
2-2: Foul Ball, location: 23F
2-2: Foul Ball, location: 7LSF
2-2: Strikes out looking
Batting: SHB Joe Gibson 0-0: Called Strike
0-1: Foul Ball, location: 3DF
0-2: Ground out 4-3 (Groundball, 4, EV 83.1 MPH)
Batting: RHB Greg Jamison 0-0: Foul Ball, location: 2F
0-1: Foul Ball, location: 2F
0-2: Ball
1-2: Ball
2-2: Strikes out swinging
Top of the 5th over - 0 runs, 0 hits, 0 errors, 0 left on base; Reno 6 - Tacoma 3
BOTTOM OF THE 5TH
Tacoma Rainiers batting - Pitching for Reno Aces : LHP Mario Hernández
Batting: RHB Jim Unknown 0-0: Called Strike
0-1: Ball
1-1: Ball
2-1: Foul Ball, location: 9LSF
2-2: Strikes out looking
Batting: LHB Robbie Lucas 0-0: Ball
1-0: Ball
2-0: Called Strike
2-1: Foul Ball, location: 2F
2-2: Ball
3-2: Base on Balls
Batting: RHB Doug Hawk 0-0: Ball
1-0: Called Strike
1-1: Ball
2-1: Ball
3-1: Foul Ball, location: 5SF
3-2: Strikes out swinging
Batting: RHB Rusty Smith 0-0: Called Strike
0-1: Ball
1-1: Called Strike
1-2: Hit by Pitch
Robbie Lucas to second
Batting: RHB Dan Sibbald 0-0: Ball
1-0: Fly out, F9 (Flyball, 9, EV 83.8 MPH)
Bottom of the 5th over - 0 runs, 0 hits, 0 errors, 2 left on base; Reno 6 - Tacoma 3
TOP OF THE 6TH
Reno Aces batting - Pitching for Tacoma Rainiers : RHP Cristo Guevara
Batting: LHB Cristo Ayala 0-0: Foul Ball, location: 2F
0-1: Called Strike
0-2: Ball
1-2: Strikes out swinging
Batting: RHB Naoya Okabe 0-0: Ball
1-0: Ball
2-0: Ball
3-0: Called Strike
3-1: Fly out, F5 (Popup, 5S, EV 75.0 MPH)
Pitching: RHP Cristo Fernández
Batting: RHB Cal Richards 0-0: Called Strike
0-1: Ball
1-1: Ball
2-1: Foul Ball, location: 2F
2-2: SINGLE (Line Drive, 34, EV 93.8 MPH)
Batting: RHB Nate Smith 0-0: Ball
1-0: Called Strike
1-1: Called Strike
1-2: SINGLE (Line Drive, 4MD, EV 95.0 MPH)
Cal Richards to second
Batting: RHB Mike Brock 0-0: Ball
1-0: Foul Ball, location: 25FF
1-1: Called Strike
1-2: Ball
2-2: Ball
3-2: Fly out, F2 (Popup, 23F, EV 90.6 MPH)
Top of the 6th over - 0 runs, 2 hits, 0 errors, 2 left on base; Reno 6 - Tacoma 3
BOTTOM OF THE 6TH
Tacoma Rainiers batting - Pitching for Reno Aces : LHP Mario Hernández
Batting: RHB Cristián Rodríguez 0-0: Fly out, F8 (Line Drive, 8LS, EV 98.1 MPH)
Batting: RHB Josh Hannemann 0-0: Ground out 6-3 (Groundball, 6, EV 80.0 MPH)
Batting: RHB Greg Martin 0-0: Called Strike
0-1: SINGLE (Line Drive, 4MD, EV 96.3 MPH)
Batting: LHB Sang-kuk Park 0-0: Ball
1-0: Foul Ball, location: 3FF
1-1: Ball
2-1: Ball
3-1: Foul Ball, location: 7LSF
3-2: Base on Balls
Greg Martin to second
Pitching: RHP Dan Brown
Batting: RHB Enrico Mendoza 0-0: Swinging Strike
0-1: Foul Ball, location: 9LDF
0-2: DOUBLE (Line Drive, 9LM, EV 98.1 MPH)
Greg Martin scores
Sang-kuk Park to third
Runner from 3rd tries for Home, SAFE, throw by RF to home
Batting: LHB Robbie Lucas 0-0: Ball
1-0: Ball
2-0: Called Strike
2-1: Called Strike
2-2: Strikes out swinging
Bottom of the 6th over - 2 runs, 2 hits, 0 errors, 1 left on base; Reno 6 - Tacoma 5
TOP OF THE 7TH
Reno Aces batting - Pitching for Tacoma Rainiers : RHP Cristo Fernández
Batting: SHB Álex Pérez 0-0: Ball
1-0: Swinging Strike
1-1: Called Strike
1-2: Foul Ball, location: 2F
1-2: DOUBLE (Line Drive, 7LM, EV 110.6 MPH)
Batting: RHB Juan Maldonado 0-0: Fly out, F8 (Flyball, 8RXD, EV 109.4 MPH)
Runner from 2nd tags up, SAFE at 3rd, no throw by CF
Batting: SHB Joe Gibson 0-0: Intentional Walk
Batting: RHB Greg Jamison 0-0: Foul Ball, location: 2F
0-1: Ball
1-1: Ball
2-1: SINGLE (Groundball, 34, EV 107.5 MPH)
Álex Pérez scores
Joe Gibson to second
Runner from 2nd tries for 3rd, SAFE, throw by RF made to third
Batting: LHB Cristo Ayala 0-0: Called Strike
0-1: Swinging Strike
0-2: Ball
1-2: Fly out, F8 (Flyball, 78D, EV 93.1 MPH)
Batting: RHB Naoya Okabe 0-0: Ball
1-0: Foul Ball, location: 2F
1-1: Ball
2-1: SINGLE (Groundball, 6MD, EV 101.3 MPH)
Joe Gibson scores
Greg Jamison to second
Runner from 2nd tries for 3rd, OUT! 8-5
Top of the 7th over - 2 runs, 3 hits, 0 errors, 1 left on base; Reno 8 - Tacoma 5
BOTTOM OF THE 7TH
Tacoma Rainiers batting - Pitching for Reno Aces : RHP Dan Brown
Batting: RHB Doug Hawk 0-0: Swinging Strike
0-1: Ball
1-1: SINGLE (Line Drive, 6D, EV 70.0 MPH)
Batting: RHB Rusty Smith 0-0: Foul Ball, location: 25F
0-1: Ball
1-1: Called Strike
1-2: DOUBLE (Flyball, 78XD, EV 103.1 MPH)
Doug Hawk to third
Batting: RHB Dan Sibbald 0-0: SINGLE (Flyball, 89S, EV 95.6 MPH)
Doug Hawk scores
Rusty Smith to third
Batting: RHB Cristián Rodríguez 0-0: Ball
1-0: Ball
Dan Sibbald is caught stealing 2nd base 2-4
2-0: Foul Ball, location: 2F
2-1: Called Strike
2-2: Ball
3-2: Base on Balls
Batting: RHB Josh Hannemann 0-0: Foul Ball, location: 2F
0-1: Swinging Strike
0-2: Strikes out swinging
Batting: RHB Greg Martin 0-0: Ball
1-0: Ball
2-0: Foul Ball, location: 23FF
2-1: Called Strike
2-2: Strikes out swinging
Bottom of the 7th over - 1 run, 3 hits, 0 errors, 2 left on base; Reno 8 - Tacoma 6
TOP OF THE 8TH
Reno Aces batting - Pitching for Tacoma Rainiers : RHP Cristo Fernández
Batting: RHB Cal Richards 0-0: SINGLE (Line Drive, 8LS, EV 86.3 MPH)
Batting: RHB Nate Smith 0-0: Ball
1-0: Grounds into double play, 6-4-3 (Groundball, 6, EV 91.3 MPH)
Batting: RHB Mike Brock 0-0: Fly out, F9 (Flyball, 89S, EV 81.9 MPH)
Top of the 8th over - 0 runs, 1 hit, 0 errors, 0 left on base; Reno 8 - Tacoma 6
BOTTOM OF THE 8TH
Tacoma Rainiers batting - Pitching for Reno Aces : RHP Dan Brown
Now at 2B: Kevin Arnold
Now at SS: Joe Gibson
Batting: LHB Sang-kuk Park 0-0: Ball
1-0: Fly out, F8 (Flyball, 8RXD, EV 110.6 MPH)
Batting: RHB Enrico Mendoza 0-0: Ball
1-0: SINGLE (Groundball, 6MD, EV 105.6 MPH)
Batting: LHB Robbie Lucas 0-0: Called Strike
0-1: 2-RUN HOME RUN (Flyball, 9LD, EV 98.1 MPH), Distance : 349 ft
Pitching: RHP Junnosuke Hasegawa
Pinch Hitting: LHB Joe Myers 0-0: Fly out, F4 (Line Drive, 4, EV 69.4 MPH)
Batting: RHB Rusty Smith 0-0: Swinging Strike
0-1: Called Strike
0-2: Ball
1-2: Ball
2-2: Ball
3-2: Ground out 6-3 (Groundball, 56, EV 87.5 MPH)
Bottom of the 8th over - 2 runs, 2 hits, 0 errors, 0 left on base; Reno 8 - Tacoma 8
TOP OF THE 9TH
Reno Aces batting - Pitching for Tacoma Rainiers : RHP Cristo Fernández
Now at 2B: Theron Scott
Batting: SHB Álex Pérez 0-0: Foul Ball, location: 2F
0-1: Swinging Strike
0-2: Strikes out swinging
Batting: RHB Juan Maldonado 0-0: Foul Ball, location: 23F
0-1: Ball
1-1: Called Strike
1-2: Foul Ball, location: 5FF
1-2: Ball
2-2: Foul Ball, location: 7LSF
2-2: Fly out, F8 (Flyball, 8RM, EV 92.5 MPH)
Batting: SHB Joe Gibson 0-0: Ball
1-0: Called Strike
1-1: SINGLE (Line Drive, 4MD, EV 95.0 MPH)
Batting: RHB Greg Jamison 0-0: Called Strike
0-1: Called Strike
0-2: Strikes out looking
Top of the 9th over - 0 runs, 1 hit, 0 errors, 1 left on base; Reno 8 - Tacoma 8
BOTTOM OF THE 9TH
Tacoma Rainiers batting - Pitching for Reno Aces : RHP Junnosuke Hasegawa
Batting: RHB Dan Sibbald 0-0: Ball
1-0: Ground out 1-3 (Groundball, P, EV 67.5 MPH)
Batting: RHB Cristián Rodríguez 0-0: Called Strike
0-1: Ball
1-1: Ball
2-1: Foul Ball, location: 7LDF
2-2: Foul Ball, location: 9LMF
2-2: Fly out, F5 (Popup, 5D, EV 73.1 MPH)
Batting: RHB Josh Hannemann 0-0: Ball
1-0: Fly out, F8 (Flyball, 8RD, EV 100.6 MPH)
Bottom of the 9th over - 0 runs, 0 hits, 0 errors, 0 left on base; Reno 8 - Tacoma 8
TOP OF THE 10TH
Reno Aces batting - Pitching for Tacoma Rainiers : RHP Cristo Fernández
Batting: LHB Cristo Ayala 0-0: Ground out 3-1 (Groundball, 13, EV 88.1 MPH)
Batting: RHB Kevin Arnold 0-0: Called Strike
0-1: Ball
1-1: Ground out 6-3 (Groundball, 6, EV 77.5 MPH)
Batting: RHB Cal Richards 0-0: Called Strike
0-1: Ball
1-1: Ball
2-1: Foul Ball, location: 9LSF
2-2: Strikes out swinging
Top of the 10th over - 0 runs, 0 hits, 0 errors, 0 left on base; Reno 8 - Tacoma 8
BOTTOM OF THE 10TH
Tacoma Rainiers batting - Pitching for Reno Aces : RHP Junnosuke Hasegawa
Pitching: LHP Jerry Bergeron
Batting: RHB Greg Martin 0-0: Ball
1-0: Ball
2-0: Swinging Strike
2-1: Ground out 6-3 (Groundball, 6S, EV 68.1 MPH)
Pinch Hitting: RHB Ron Walton 0-0: Called Strike
0-1: Ball
1-1: Ground out 4-3 (Groundball, 4, EV 78.1 MPH)
Batting: RHB Enrico Mendoza 0-0: Ball
1-0: Swinging Strike
1-1: Ball
2-1: Fly out, F9 (Flyball, 9D, EV 85.0 MPH)
Bottom of the 10th over - 0 runs, 0 hits, 0 errors, 0 left on base; Reno 8 - Tacoma 8
TOP OF THE 11TH
Reno Aces batting - Pitching for Tacoma Rainiers : RHP Cristo Fernández
Now at 1B: Dan Sibbald
Now in RF: Ron Walton
Batting: RHB Nate Smith 0-0: Foul Ball, location: 2F
0-1: Ball
1-1: SINGLE (Line Drive, 9LS, EV 86.3 MPH)
Pitching: RHP António Santos
Batting: RHB Mike Brock 0-0: Fly out, F8 (Flyball, 8LXD, EV 107.5 MPH)
Batting: SHB Álex Pérez 0-0: Called Strike
0-1: Called Strike
0-2: Ball
1-2: Ball
2-2: Ball
3-2: Fly out, F7 (Flyball, 78M, EV 99.4 MPH)
Batting: RHB Juan Maldonado 0-0: Ball
1-0: Foul Ball, location: 2F
1-1: Fielders Choice at 2nd, U6 (Groundball, 6M, EV 78.1 MPH)
Top of the 11th over - 0 runs, 1 hit, 0 errors, 1 left on base; Reno 8 - Tacoma 8
BOTTOM OF THE 11TH
Tacoma Rainiers batting - Pitching for Reno Aces : LHP Jerry Bergeron
Batting: LHB Robbie Lucas 0-0: Called Strike
0-1: Ball
1-1: Ball
2-1: Foul Ball, location: 9LMF
2-2: Foul Ball, location: 7LSF
2-2: Ball
3-2: Foul Ball, location: 3SF
3-2: Foul Ball, location: 7LDF
3-2: SOLO HOME RUN (Line Drive, 89XD, EV 101.3 MPH), Distance : 404 ft
Bottom of the 11th over - 1 run, 1 hit, 0 errors, 0 left on base; Reno 8 - Tacoma 9
Friday, May 3rd , 2024 - OOTP Baseball 24.10 Build 82